AoeStats
← Ken

Black Forest

505246135Analyzed
1v1 RM · 23d ago on Sep 8, 2026· 32m 20s· 2 players
Game mode
Random Map
Map size
Tiny (2 player)
Population
200
Speed
Normal
Resources
Standard
Victory
Conquest
Starting age
Dark Age
Ending age
Imperial Age
RankedLock teamsTeams togetherTeam positionsShared explorationLock speedFull tech treeHidden civsTurbo modeCheats
Victory
Defeat
🇨🇳 Franks · China
947
+15
🇮🇹 Teutons · Italy
933
-15
Enberto
10:34 Feudal Age
11:53 Wheelbarrow
11:09 Double-Bit Axe
11:07 Horse Collar
12:45 Gold Mining
14:07 Stone Mining
16:37 Loom
19:25 Castle Age
18:14 Forging
18:06 Scale Mail Armor
18:16 Man-at-Arms
18:42 Arson
19:40 Long Swordsman
20:56 Bow Saw
23:13 Pikeman
Ken
0:37 Loom
11:16 Feudal Age
16:25 Castle Age
14:36 Double-Bit Axe
22:14 Gold Mining
25:26 Husbandry
26:31 Scale Barding Armor
26:17 Fletching
26:28 Padded Archer Armor
32:08 Forging
Connection lost

Rejoining the realm…

Still unreachable

The connection could not be restored.

Session expired

The server has moved on; the page needs a fresh start.